 Dungeon Crawl Stone Soup version 0.31-a0-986-g5e6e4ef867 (webtiles) character file.

Game seed: 598049600682288907

80 bmb222 the Covered (level 4, -1/40 HPs)
             Began as an Armataur Fighter on Nov 21, 2023.
             Slain by an orc wizard
             ... wielding a +2 dagger of speed
              (5 damage)
             ... on level 3 of the Dungeon.
             The game lasted 00:06:36 (1615 turns).

bmb222 the Covered (Armataur Fighter)               Turns: 1615, Time: 00:06:37

Health: -1/40      AC:  9    Str: 19 (21) XL:     4   Next: 18%
Magic:  4/4        EV:  6    Int:  2 (8)  God:
Gold:   116        SH:  0    Dex:  8 (12) Spells: 3/3 levels left

rFire   x . .        a - +0 flail
rCold   + + .        c - +0 buckler
rNeg    . . .        e - +0 ice dragon scales
rPois   .            (no helmet)
rElec   .            (no cloak)
rCorr   .            (no gloves)
SInv    .            (no barding)
Will    .....        (no amulet) Stlth
                     (no ring)
HPRegen 0.26/turn    (no ring)
MPRegen 0.09/turn

%: roll
@: confused
A: large, rugged brown scales 3, deformed body, armoured tail, roll, long
tongue, awkward tongue
a: no special abilities


You were on level 3 of the Dungeon.
You visited 1 branch of the dungeon, and saw 3 of its levels.

You collected 116 gold pieces.

Inventory:

Hand Weapons
 a - a +0 flail (weapon)
Armour
 b - a +0 scale mail
 c - a +0 buckler (worn)
 e - +0 ice dragon scales (worn)
 i - an orb of light
 l - a +0 helmet
Scrolls
 m - a scroll of fog
Potions
 d - a potion of might
 h - a potion of lignification


   Skills:
 + Level 3.1 Fighting
 + Level 3.0 Maces & Flails
 + Level 4.2 Armour
 + Level 0.1 Dodging
 + Level 3.6 Shields


You had 3 spell levels left.
You didn't know any spells.
Your spell library contained the following spells:

 Spells                   Type           Power      Damage    Failure   Level
 Blink                    Tloc           0%         N/A       99%         2
 Lesser Beckoning         Tloc           0%         N/A       99%         2
 Momentum Strike          Conj/Tloc      0%         3d8       99%         2
 Gell's Gravitas          Tloc           0%         N/A       100%        3
 Teleport Other           Tloc           0%         N/A       100%        3
 Dispersal                Tloc           0%         N/A       100%        6


Dungeon Overview and Level Annotations

Branches:
Dungeon (3/15)

Altars:


Innate Abilities, Weirdness & Mutations

You are completely covered in rugged brown scales. (AC +3, +7% HP)
Armour fits poorly on your strangely shaped body.
You have a long armoured tail.
You roll when moving toward enemies. (Rampage)
Your long tongue fully drains potion bottles. (2x potion effects)
Your tongue gives you trouble enunciating. (1.5x scroll delay)


Message History

Something hits you but does no damage.
You hear some strange, mumbled words.
You are confused.
Something hits you but does no damage.
You hear some strange, mumbled words.
You are more confused.
The dart slug briefly extends its eye-stalks.
Something hits you but does no damage. Something hits you.
* * * LOW HITPOINT WARNING * * *
You feel your willpower return.
You hear some strange, mumbled words.
A magic dart appears from out of thin air!
The magic dart hits you but does no damage.
An orc wizard appears from thin air!
Reactivating autopickup.
The orc wizard hits you but does no damage.
It was a potion of degeneration.
There was something very wrong with that liquid.
You feel weakened.
You feel dopey.
You feel clumsy.
You slurp down every last drop of the potion of degeneration!
The orc wizard casts a spell at you.
The magic dart hits you but does no damage.
The orc wizard hits you but does no damage.
The dart slug briefly extends its eye-stalks.
The orc wizard hits you but does no damage.
You cannot move. (Use ctrl+direction or * direction to attack while stationary and confused.)
The orc wizard hits you but does no damage.
The orc wizard hits you but does no damage.
You feel less wooden.
Your +0 ice dragon scales unmelds from your body.
The orc wizard hits you but does no damage.
The orc wizard hits you with a +2 dagger of speed.
* * * LOW HITPOINT WARNING * * *
The orc wizard hits you but does no damage.
The orc wizard hits you with a +2 dagger of speed.
* * * LOW HITPOINT WARNING * * *
The orc wizard points at you and mumbles some strange words.
You are more confused.
The orc wizard hits you with a +2 dagger of speed.
You die...

### #.,,,,,,,,,,,****** ..#
#.#**#............##*******
#.###.#**.#.####.####...,,,,,,*
....#.##.###.###.#######*****,*
........#####.##.####### *,*
......##.###.###.####### *,*
....#.###.#..###.####### *,*
.......).....###.####### *,*
...##.####...###@#######*****,*
#.###.# #...###o#####..,**,,,***
#.....####...###o#####.#,,,,,,,,,
####.........!..ow.<##..,**,****,
####..####.............#,**,* *,
..##..# #.#.######.##..,**,* *,
#.##..# #.#.######.####***,****,
#.##..# #...######.####,,,,,,,*,
#.##..# #>.## *,* *,,,,,,,*,


You could see an orc wizard, a dart slug and 2 orcs.

Vanquished Creatures
  An adder (D:2)
  A worm (D:2)
  3 dart slugs
  An orc (D:3)
  5 endoplasms
  A giant cockroach (D:2)
  8 goblins
  3 hobgoblins
  6 jackals
  11 ball pythons
  3 bats
  5 frilled lizards (D:1)
  4 kobolds
  8 rats
60 creatures vanquished.

Notes
Turn   | Place    | Note
-------+----------+-------------------------------------------
     0 | D:1      | bmb222 the Armataur Fighter began the quest for the Orb.
     0 | D:1      | Reached XP level 1. HP: 19/19 MP: 1/1
   165 | D:1      | Reached XP level 2. HP: 21/26 MP: 2/2
   233 | D:1      | Reached skill level 4 in Armour
   408 | D:1      | Reached XP level 3. HP: 28/32 MP: 3/3
   710 | D:2      | Found a faded altar of an unknown god.
  1125 | D:2      | Reached XP level 4. HP: 36/40 MP: 4/4
  1615 | D:3      | Slain by an orc wizard

Illustrated notes

Levels and vault maps discovered:
D:1:      dpeg_arrival_round_b, layout_rooms, minmay_pentomino_r4
D:2:      layout_loops_ring, nicolae_ecumenical_pavilion
D:3:      layout_loops_ring, amcnicky_altar_gilded, minmay_stone_trees_medium

Skill      XL: |  1  2  3  4 |
---------------+-------------+-----
Armour         | 4 |  4.2
Maces & Flails | 2 3 |  3.0
Fighting       | 3 |  3.1
Dodging        | |  0.1
Shields        | |  3.6

Action                     |  1- 3 |  4- 6 || total
---------------------------+-------+-------++-------
  Melee: Flail             |   142 |    29 ||   171
         Tailslap          |    11 |     3 ||    14
    Use: Scroll            |       |     5 ||     5
         Potion            |       |     4 ||     4
 Armour: Scale mail        |    20 |       ||    20
         Ice dragon scales |   103 |    44 ||   147
         Skin              |       |    89 ||    89
  Dodge: Dodged            |    70 |     5 ||    75
  Block: Buckler           |    40 |    13 ||    53

Table legend: (Time is in decaauts)
 A = Elapsed time spent in this place.
 B = Non-inter-level travel time spent in this place.
 C = Inter-level travel time spent in this place.
 D = Time resting spent in this place.
 E = Time spent auto-exploring this place.
 F = Levels seen in this place.
 G = Mean time per level.
                   A        B        C        D        E       F      G
               +--------+--------+--------+--------+--------+-----+--------+
         Total |   1668 |   1650 |     18 |    100 |    972 |   3 |  556.0 |
       Dungeon |   1668 |   1650 |     18 |    100 |    972 |   3 |  556.0 |
               +--------+--------+--------+--------+--------+-----+--------+

Top non-repeatable levels by time:
     D:1: 733 daAuts
     D:2: 723 daAuts
     D:3: 212 daAuts
